 Dungeon Crawl Stone Soup version 0.25.1-2-g60ff931df9 (webtiles) character file.

Game seed: 7640043913157006406

22 Martska the Skirmisher (level 2, -4/27 HPs)
             Began as a Minotaur Fighter on Oct 4, 2020.
             Slain by Sigmund
             ... wielding a +0 scythe
              (9 damage)
             ... on level 2 of the Dungeon.
             The game lasted 00:01:23 (996 turns).

Martska the Skirmisher (Minotaur Fighter)            Turns: 996, Time: 00:01:23

Health: -4/27      AC:  6    Str: 20    XL:     2   Next: 68%
Magic:  1/1        EV:  7    Int:  5    God:
Gold:   37         SH:  8    Dex:  9    Spells: 1/1 levels left

rFire    . . .     SeeInvis .   a - +0 war axe
rCold    . . .     Gourm    .   c - +0 kite shield
rNeg     . . .     Faith    .   b - +0 scale mail
rPois    .         Spirit   .   (helmet restricted)
rElec    .         Reflect  .   (no cloak)
rCorr    +         Harm     .   (no gloves)
MR       .....                  (no boots)
Stlth    ..........             (no amulet)
HPRegen  0.09/turn              h - ring of resist corrosion
MPRegen  0.07/turn              (no ring)

@: mighty, drained
A: retaliatory headbutt, horns 2
a: no special abilities


You were on level 2 of the Dungeon.
You were not hungry.

You visited 1 branch of the dungeon, and saw 2 of its levels.

You collected 37 gold pieces.

Inventory:

Hand Weapons
 a - a +0 war axe (weapon)
Armour
 b - a +0 scale mail (worn)
 c - a +0 kite shield (worn)
Jewellery
 g - an uncursed amulet of faith
 h - a ring of resist corrosion (left hand)
Scrolls
 e - a scroll of random uselessness {unknown}
 i - a scroll of fog {unknown}
 j - a scroll of identify {unknown}
 m - a scroll of blinking {unknown}
Potions
 k - a potion of curing {unknown}
 l - a potion of ambrosia {unknown}
Comestibles
 f - 6 rations


   Skills:
 * Level 4.0(3.0) Fighting
 * Level 2.9(2.0) Axes
 * Level 3.9(3.0) Armour
 * Level 1.1(0.3) Dodging
 - Level 3.6(2.7) Shields


You had one spell level left.
You didn't know any spells.
Your spell library was empty.

Dungeon Overview and Level Annotations

Branches:
Dungeon (2/15)

Altars:

Annotations:
D:2 Sigmund


Innate Abilities, Weirdness & Mutations

You reflexively headbutt those who attack you in melee.
You have a pair of horns on your head.


Message History

You barely miss Sigmund.
Sigmund gestures wildly while chanting.
Sigmund flickers and vanishes!
Deactivating autopickup; reactivate with Ctrl-A.
You hear some strange, mumbled words.
A puff of flame appears from out of thin air!
The puff of flame hits you!
You barely miss something. Something hits you but does no damage.
You miss something. You headbutt something. You block something's attack.
There is a strange disturbance nearby!
You feel very mighty all of a sudden. Something hits you but does no damage.
Your shield and scale mail prevent you from hitting something.
Something hits you.
You miss something. Something hits you.
You closely miss something. You headbutt something! Something hits you!
* * * LOW HITPOINT WARNING * * *
You miss something. You closely miss something. Your headbutt misses something.
Something hits you!
You die...

### ..#
########.######
..............#
......{@.####.##
###
.#######$.......
..# #.####.##
#.#
#######.####.##
#.#
#.............#
#<#
#.#####.####..#
####.# #.# .#
#....# #.# ..#
#.#### #.####..#
#.#


There were no monsters in sight!

Vanquished Creatures
  2 leopard geckos (D:1)
  A giant cockroach (D:1)
  4 goblins (D:1)
  2 hobgoblins (D:1)
  2 bats (D:1)
  A frilled lizard (D:1)
  4 kobolds
  3 rats (D:1)
19 creatures vanquished.

Notes
Turn   | Place    | Note
-------+----------+-------------------------------------------
     0 | D:1      | Martska the Minotaur Fighter began the quest for the Orb.
     0 | D:1      | Reached XP level 1. HP: 19/19 MP: 0/0
   199 | D:1      | Reached XP level 2. HP: 25/27 MP: 1/1
   437 | D:1      | Reached skill level 1 in Dodging
   670 | D:1      | Reached skill level 4 in Fighting
   986 | D:2      | Noticed Sigmund
   996 | D:2      | Slain by Sigmund

Illustrated notes

Levels and vault maps discovered:
D:1:      dpeg_arrival_round_a, layout_loops_cross
D:2:      layout_loops_ring, lemuel_crystal_altar, lemuel_crystal_altar,
          grunt_decor_one_mirror, uniq_sigmund

Skill      XL: |  1  2 |
---------------+-------+-----
Dodging        | 1 |  1.1
Fighting       | 4 |  4.0
Axes           | |  2.9
Armour         | |  3.9
Shields        | |  3.6

Action                   || total
-------------------------++-------
Melee: War axe           ||    60
       Headbutt          ||     9
  Use: Potion            ||     1
Armor: Scale mail        ||    24
Dodge: Dodged            ||    17
Block: Kite shield       ||    23
